AoeStats
← weiln

Arabia

506831183Analyzed
1v1 RM · 17d ago on Sep 15, 2026· 43m 57s· 2 players
Game mode
Random Map
Map size
Tiny (2 player)
Population
200
Speed
Normal
Resources
Standard
Victory
Conquest
Starting age
Dark Age
Ending age
Imperial Age
RankedLock teamsTeams togetherTeam positionsShared explorationLock speedFull tech treeHidden civsTurbo modeCheats
Victory
Defeat
🇨🇳 Burgundians · China
1168
+15
🇦🇺 Franks · Australia
1149
-15
Muksterino
7:02 Loom
9:16 Feudal Age
10:12 Man-at-Arms
17:25 Double-Bit Axe
21:18 Castle Age
19:57 Forging
19:53 Scale Barding Armor
22:27 Husbandry
22:36 Padded Archer Armor
22:39 Gold Mining
23:02 Bow Saw
23:42 Wheelbarrow
23:13 Crossbowman
24:58 Town Watch
25:07 Town Watch
29:54 Stone Mining
31:19 Hand Cart
31:10 Town Patrol
33:49 Imperial Age
31:35 Fletching
32:00 Leather Archer Armor
32:16 Murder Holes
32:55 Ballistics
33:30 Gold Shaft Mining
34:31 Cavalier
36:11 Conscription
37:35 Chemistry
36:47 Masonry
37:01 Leather Archer Armor
43:36 Hoardings
44:35 Iron Casting
44:20 Chain Barding Armor
43:56 Bodkin Arrow
weiln
4:40 Double-Bit Axe
7:25 Loom
7:32 Loom
10:00 Feudal Age
9:03 Horse Collar
11:23 Bow Saw
15:16 Heavy Plow
17:52 Wheelbarrow
20:35 Castle Age
19:29 Scale Mail Armor
19:56 Forging
22:17 Chain Mail Armor
23:13 Two-Man Saw
22:31 Squires
24:33 Fervor
25:36 Gold Mining
25:38 Stone Mining
26:12 Hand Cart
28:51 Town Watch
30:21 Stone Shaft Mining
30:23 Gold Shaft Mining
32:27 Imperial Age
31:37 Crop Rotation
31:45 Arson
32:40 Iron Casting
32:45 Treadmill Crane
33:46 Conscription
33:34 Burgundian Vineyards
34:55 Chemistry
34:59 Fletching
35:09 Padded Archer Armor
36:07 Bombard Tower
36:09 Ballistics
35:19 Elite Skirmisher
36:43 Scale Barding Armor
37:38 Blast Furnace
36:35 Bodkin Arrow
36:55 Leather Archer Armor
38:03 Chain Barding Armor
37:45 Husbandry
38:13 Fortified Wall
39:24 Elite Coustillier
40:16 Bracer
40:40 Chain Barding Armor
42:24 Plate Mail Armor
42:33 Plate Mail Armor
42:54 Plate Barding Armor
42:57 Capped Ram
44:33 Town Patrol
Connection lost

Rejoining the realm…

Still unreachable

The connection could not be restored.

Session expired

The server has moved on; the page needs a fresh start.